 Dungeon Crawl Stone Soup version 0.30-a0-639-g3916f1956a (webtiles) character file.

Game seed: 9067642155867678759

456 Mitcholas the Chopper (level 7, -2/41 HPs)
             Began as a Gargoyle Fighter on Jan 16, 2023.
             Slain by an ice beast (6 damage)
             ... on level 5 of the Dungeon.
             The game lasted 00:05:44 (4522 turns).

Mitcholas the Chopper (Gargoyle Fighter)            Turns: 4522, Time: 00:05:44

Health: -2/41      AC: 12    Str: 27    XL:     7   Next: 6%
Magic:  7/7        EV:  9    Int: 15    God:
Gold:   348        SH:  4    Dex:  9    Spells: 6/6 levels left

rFire   . . .      SeeInvis .    a - +0 war axe
rCold   . . .      Faith    .    c - +0 buckler
rNeg    + . .      Spirit   .    b - +0 scale mail
rPois   ∞          Reflect  .    A - +0 helmet
rElec   +          Harm     .    (no cloak)
rCorr   .          Rampage  .    (no gloves)
Will    .....                    (no boots) Stlth
                                 (no amulet)
HPRegen 0.26/turn                x - +6 ring of strength
MPRegen 0.10/turn                h - +6 ring of intelligence

@: no status effects
A: sickness immunity, AC +4, negative energy resistance 1, electricity
resistance, torment resistance 1, petrification resistance
a: no special abilities


You were on level 5 of the Dungeon.
You visited 1 branch of the dungeon, and saw 5 of its levels.

You collected 348 gold pieces.

Inventory:

Hand Weapons
 a - a +0 war axe (weapon)
Missiles
 q - 3 poisoned darts (quivered)
Armour
 b - a +0 scale mail (worn)
 c - a +0 buckler (worn)
 A - a +0 helmet (worn)
Jewellery
 h - a +6 ring of intelligence (right hand)
 x - a +6 ring of strength (left hand)
Wands
 v - a wand of flame (21)
 y - a wand of mindburst (18)
Scrolls
 f - 3 scrolls of identify {unknown}
 g - a scroll of fog {unknown}
 l - a scroll of vulnerability {unknown}
 m - 2 scrolls of poison {unknown}
 t - a scroll of immolation {unknown}
 u - a scroll of amnesia {unknown}
 w - 2 scrolls of teleportation {unknown}
Potions
 d - 4 potions of might
 e - 2 potions of cancellation {unknown}
 i - a potion of mutation {unknown}
 j - 2 potions of brilliance {unknown}
 k - a potion of flight {unknown}
 n - a potion of invisibility {unknown}
 o - 2 potions of degeneration {unknown}
 p - a potion of attraction {unknown}
 r - 3 potions of curing {unknown}
 s - 2 potions of heal wounds {unknown}
 z - 2 potions of resistance {unknown}


   Skills:
 - Level 3.2 Fighting
 + Level 6.7 Axes
 - Level 3.2 Armour
 - Level 3.2 Shields


You had 6 spell levels left.
You didn't know any spells.
Your spell library contained the following spells:

 Spells                   Type           Power      Damage    Failure   Level
 Foxfire                  Conj/Fire      0%         2x1d4     61%         1
 Fireball                 Conj/Fire      0%         3d3       100%        5
 Starburst                Conj/Fire      0%         6d3       100%        6


Dungeon Overview and Level Annotations

Branches:
Dungeon (5/15)
 Temple: D:4-7

Altars:
Ashenzari
Elyvilon
Gozag
Nemelex Xobeh
Qazlal
Trog
Uskayaw
Xom

Shops:
D:3 (


Innate Abilities, Weirdness & Mutations

You are immune to sickness and miasma.
Your stone body is resilient. (AC +4)
You are immune to poison.
You resist negative energy. (rN+)
You are resistant to electric shocks. (rElec)
You are resistant to unholy torment.
You are immune to petrification.


Message History

An ice beast is nearby!
You hit the ice beast.
The ice beast is lightly wounded.
You block the ice beast's attack.
You barely miss the ice beast.
The ice beast is lightly wounded.
The ice beast hits you but does no damage.
You hit the ice beast.
The ice beast is moderately wounded.
You block the ice beast's attack.
You closely miss the ice beast.
The ice beast is moderately wounded.
The ice beast barely misses you. The ice beast hits you.
The ice beast freezes you.
You closely miss the ice beast.
The ice beast is moderately wounded.
The ice beast closely misses you.
You barely miss the ice beast.
The ice beast is moderately wounded.
You block the ice beast's attack.
You slash the ice beast!
The ice beast is severely wounded.
The ice beast hits you. The ice beast freezes you!
You are too injured to fight recklessly!
You are too injured to fight recklessly!
You are too injured to fight recklessly!
You are too injured to fight recklessly!
You are too injured to fight recklessly!
You are too injured to fight recklessly!
You are too injured to fight recklessly!
You are too injured to fight recklessly!
You are too injured to fight recklessly!
You hit the ice beast.
The ice beast is almost dead.
The ice beast hits you. The ice beast freezes you!
* * * LOW HITPOINT WARNING * * *
The ice beast hits you.
* * * LOW HITPOINT WARNING * * *
The ice beast freezes you.
You die...

#.... #.... #.... #....
#.... ######## .#####
#......# . ......
#......####.... ......
#......@Y...... ..####
#.............. #...
#..............# #...
#..............' #...
#..............######...
#...<..........#...#....
#..............#...#....
#..............#...#....
#..............#..##....


You could see an ice beast.

Vanquished Creatures
  A phantom (D:5)
  A bullfrog (D:5)
  A howler monkey (D:5)
  A jelly (D:5)
  An orc priest (D:3)
  2 iguanas (D:5)
  Jessica (D:2)
  5 adders
  A white imp (D:5)
  A worm (D:3)
  A dart slug (D:1)
  15 orcs
  9 ball pythons
  2 endoplasms
  2 giant cockroaches
  7 goblins
  6 hobgoblins
  3 bats (D:1)
  3 frilled lizards
  8 kobolds
  6 rats
77 creatures vanquished.

Vanquished Creatures (others)
  9 plants (D:3)
9 creatures vanquished.

Grand Total: 86 creatures vanquished

Notes
Turn   | Place    | Note
-------+----------+-------------------------------------------
     0 | D:1      | Mitcholas the Gargoyle Fighter began the quest for the Orb.
     0 | D:1      | Reached XP level 1. HP: 14/14 MP: 1/1
    18 | D:1      | Reached skill level 2 in Axes
   167 | D:1      | Reached XP level 2. HP: 19/19 MP: 2/2
   839 | D:2      | Reached skill level 3 in Axes
   972 | D:2      | Reached XP level 3. HP: 17/23 MP: 3/3
   998 | D:2      | Noticed Jessica
  1011 | D:2      | Killed Jessica
  1469 | D:2      | Reached XP level 4. HP: 28/28 MP: 4/4
  1630 | D:3      | Reached skill level 4 in Axes
  2207 | D:3      | HP: 1/28 [orc priest/+0 whip (4)]
  2210 | D:3      | Reached XP level 5. HP: 2/32 MP: 5/5
  2210 | D:3      | Found a hide-covered altar of Uskayaw.
  2210 | D:3      | Found a bloodstained altar of Trog.
  2374 | D:3      | Found Okonweul's Weapon Emporium.
  2652 | D:3      | Found a shimmering altar of Xom.
  2657 | D:3      | Found a white marble altar of Elyvilon.
  2663 | D:3      | Found a broken altar of Ashenzari.
  2884 | D:4      | Found an opulent altar of Gozag.
  3287 | D:4      | Found a stormy altar of Qazlal.
  3359 | D:4      | Found a sparkling altar of Nemelex Xobeh.
  3761 | D:5      | Entered Level 5 of the Dungeon
  3781 | D:5      | Noticed a phantom
  3799 | D:5      | Killed a phantom
  3800 | D:5      | Reached skill level 5 in Axes
  3800 | D:5      | Reached XP level 6. HP: 29/37 MP: 6/6
  3896 | D:5      | Reached skill level 6 in Axes
  4420 | D:5      | Reached XP level 7. HP: 38/41 MP: 7/7
  4522 | D:5      | Slain by an ice beast

Illustrated notes

Levels and vault maps discovered:
D:1:      saegor_arrival_under_anarchy, layout_loops_ring, patterned_corridor
D:2:      layout_loops_corners, uniq_jessica
D:3:      layout_basic, minmay_overflow_temple_star_quad,
          amethyst_overflow_temple_binary, serial_shops, nicolae_lakefront_shop,
          serial_forest, infiniplex_forest_clump_large,
          infiniplex_forest_clump_tiny, infiniplex_forest_clump_cross,
          infiniplex_forest_end_2, infiniplex_forest_clump_cross,
          infiniplex_forest_straight_5, infiniplex_forest_corner_1,
          infiniplex_forest_lined_ring
D:4:      layout_loops_corners, nicolae_qazlal_scattered_showers,
          mainiacjoe_overflow_alcove_2, nemelex_spade_bored_becter
D:5:      layout_gridville

Skill      XL: |  1  2  3  4  5  6 |
---------------+-------------------+-----
Axes           | 2 3 4 5 6 |  6.7
Fighting       | |  3.2
Armour         | |  3.2
Shields        | |  3.2

Action                   |  1- 3 |  4- 6 |  7- 9 || total
-------------------------+-------+-------+-------++-------
Melee: War axe           |    88 |   150 |    22 ||   260
Armor: Scale mail        |    54 |    69 |    13 ||   136
Dodge: Dodged            |    35 |    69 |     6 ||   110
Block: Buckler           |    17 |    26 |     7 ||    50

Table legend: (Time is in decaauts)
 A = Elapsed time spent in this place.
 B = Non-inter-level travel time spent in this place.
 C = Inter-level travel time spent in this place.
 D = Time resting spent in this place.
 E = Time spent auto-exploring this place.
 F = Levels seen in this place.
 G = Mean time per level.
                   A        B        C        D        E       F      G
               +--------+--------+--------+--------+--------+-----+--------+
         Total |   4603 |   4481 |    122 |    202 |   3648 |   5 |  920.6 |
       Dungeon |   4603 |   4481 |    122 |    202 |   3648 |   5 |  920.6 |
               +--------+--------+--------+--------+--------+-----+--------+

Top non-repeatable levels by time:
     D:3: 1272 daAuts
     D:4: 886 daAuts
     D:2: 860 daAuts
     D:1: 801 daAuts
     D:5: 782 daAuts
